 Dungeon Crawl Stone Soup version 0.27.1-33-g824d729ab1 (webtiles) character file.

Game seed: 9108828258170254014

978 worthlessgem the Digger (level 8, -3/61 HPs)
             Began as a Formicid Earth Elementalist on Nov 30, 2021.
             Was a Follower of Ashenzari.
             Slain by a gnoll (6 damage)
             ... on level 5 of the Dungeon on Dec 1, 2021.
             The game lasted 00:51:51 (7330 turns).

worthlessgem the Digger (FoEE)                      Turns: 7330, Time: 00:51:53

Health: -3/61      AC:  2    Str: 13    XL:     8   Next: 40%
Magic:  9/13       EV: 12    Int: 17    God:    Ashenzari [*.....]
Gold:   104        SH:  0    Dex: 11    Spells: 0/13 levels left

rFire    . . .     SeeInvis +   a - +2 mace (drain)
rCold    . . .     Faith    .   (no shield)
rNeg     . . .     Spirit   .   b - +0 robe "Gnostic Lethargy" {Elem, Cun} (curse)
rPois    .         Reflect  .   (helmet unavailable)
rElec    .         Harm     .   (no cloak)
rCorr    .         Rampage  .   (no gloves)
Will     .....                  (no boots)
Stlth    ++........             (no amulet)
HPRegen  0.20/turn              l - ring "Suspicion of Ashenzari" {Slay+4, Elem, Bglg} (curse)
MPRegen  0.13/turn              (no ring)

@: studying Ice Magic
A: permanent stasis, dig shafts and tunnels, antennae 3, four strong arms
a: Dig, Shaft Self, Renounce Religion, Shatter the Chains


You were on level 5 of the Dungeon.
You worshipped Ashenzari.
Ashenzari was aware of your devotion.
You visited 1 branch of the dungeon, and saw 5 of its levels.
You also visited: Ossuary.

You collected 367 gold pieces.
You spent 263 gold pieces at shops.

Inventory:

Hand Weapons
 a - a +2 mace of draining (weapon)
 d - a +2 short sword of speed
 s - the +3 rapier of Skirmishing {spect, Int+2}
   (You bought it in a shop on level 1 of the Dungeon)

   When its wielder attacks, the weapon's spirit leaps out and strikes again.
   The spirit shares a part of any damage it takes with its wielder.
   Int:       It affects your intelligence (+2).
 w - a +0 hunting sling
Missiles
 c - 63 stones (quivered)
 n - 2 curare-tipped darts
 p - 7 sling bullets
 r - 2 poisoned darts
Armour
 b - the cursed +0 robe "Gnostic Lethargy" (worn) {Elem, Cun}

   It has a curse which improves the following skills: Elements: Fire Magic, Ice
   Magic, Air Magic and Earth Magic.
   Cunning:   Dodging and Stealth.
 t - a +0 buckler
Jewellery
 l - the cursed ring "Suspicion of Ashenzari" (left hand) {Slay+4, Elem, Bglg}
   (You found it on level 4 of the Dungeon)

   [ring of slaying]

   Slay:      It affects your accuracy & damage with ranged weapons and melee
   (+4).
   It has a curse which improves the following skills: Elements: Fire Magic, Ice
   Magic, Air Magic and Earth Magic.
   Beguiling: Conjurations, Hexes and Translocations.
Wands
 i - a wand of digging (8)
Scrolls
 e - a scroll of amnesia
 f - a scroll of brand weapon
 h - a scroll of fear
 m - a scroll of vulnerability
Potions
 g - 3 potions of curing
 j - a potion of lignification
 k - a potion of attraction
 o - a potion of heal wounds
 q - a potion of ambrosia


   Skills:
 - Level 4.7 Fighting
 - Level 1.7(2.5) Dodging
 - Level 2.4(3.2) Stealth
 + Level 0.0 Shields
 - Level 3.3 Spellcasting
 - Level 2.3(3.1) Conjurations
 * Level 0.8(1.4) Hexes
 - Level 5.0 Transmutations
 * Level 0.0(0.2) Fire Magic
 - Level 7.1(8.8) Earth Magic


You couldn't memorise any spells.
You knew the following spells:

 Your Spells              Type           Power      Damage    Failure   Level
a - Sandblast             Erth           64%        2d14      1%          1
b - Passwall              Tmut/Erth      21%        N/A       1%          2
c - Stone Arrow           Conj/Erth      46%        3d9       4%          3
d - Petrify               Tmut/Erth      26%        N/A       10%         4
e - Inner Flame           Hex/Fire       5%         N/A       36%         3

Your spell library contained the following spells:

 Spells                   Type           Power      Damage    Failure   Level
 Slow                     Hex            7%         N/A       14%         2
 Ensorcelled Hibernation  Hex/Ice        10%        N/A       19%         2
 Spider Form              Tmut/Pois      5%         N/A       19%         3
 Confusing Touch          Hex            7%         N/A       28%         3
 Cause Fear               Hex            3%         N/A       67%         4
 Yara's Violent Unravell  Hex/Tmut       6%         3d5       77%         5
 Shadow Creatures         Summ           N/A        N/A       100%        6
 Discord                  Hex            3%         N/A       100%        8


Dungeon Overview and Level Annotations

Branches:
Dungeon (5/15)            Ossuary (visited)
 Temple: D:4-7

Altars:
Ashenzari

Shops:
D:1 (=?   D:4 !


Innate Abilities, Weirdness & Mutations

You cannot be hasted, slowed, berserked, paralysed or teleported.
You can dig through walls and to a lower floor.
You have a pair of large antennae on your head. (SInv)
Your four strong arms can wield two-handed weapons with a shield.


Message History

Press: ? - help, Shift-Dir - straight line, f - gnoll
Aim: a gnoll, wielding a +0 flail (asleep, 100% to hit)
The stone arrow hits the gnoll!
The gnoll is severely wounded.
The gnoll shouts!
You hear a shout!
A gnoll comes into view. It is wielding a +0 whip.
You hear a shout! x2
You extend your mandibles.
You dig through the rock wall.
You dig through the rock wall.
You dig through the rock wall.
You dig through the rock wall.
You dig through the rock wall.
You dig through the rock wall.
You dig through the rock wall.
You dig through the rock wall.
You dig through the rock wall.
You dig through the rock wall.
You dig through the rock wall.
You dig through the rock wall.
Casting: Stone Arrow (dangerous; 4% risk of failure)
Confirm with . or Enter, or press ? or * to list all spells.
Aiming: Inner Flame (dangerous; 36% risk of failure)
Press: ? - help, Shift-Dir - straight line, f/p - gnoll
Aim: a gnoll, wielding a +0 flail (heavily wounded, chance to affect: 54%)
The gnoll resists with significant effort.
You sense an unholy aura.
a - a +2 mace of draining (weapon)
The gnoll hits you with a +2 whip of electrocution!
You retract your mandibles.
You hit the gnoll. You drain the gnoll.
The gnoll is heavily wounded.
The gnoll hits you with a +2 whip of electrocution.
You are electrocuted!!
You hit the gnoll. You drain the gnoll.
The gnoll is almost dead.
The gnoll hits you with a +2 whip of electrocution.
You are electrocuted!!
* * * LOW HITPOINT WARNING * * *
The gnoll hits you with a +2 whip of electrocution.
You die...

#.......#.......
#####+#.........
#.....#.#.#.#.#
#..............
#....#.#.#.#.#.
#..............
##'#.#.#.#.#.#.#
###...............
#@#.<.#.#.#.#.#.#.
#g#...............
#g#.{#.#.#.#.#.#.#
#g##..............
#.#.#.#.#.#.#.#.#.
#.##..............
##.#.#.#.#.#.#.#.#
#.##........ ....
##.#.#.#.#.#.#.#.


You could see 3 gnolls.

Vanquished Creatures
  3 ogres
  An elf zombie (Ossuary)
  A kobold brigand (D:4)
  A bullfrog (D:4)
  2 killer bees
  2 hounds (D:4)
  A human zombie (Ossuary)
  A jelly (D:4)
  An orc priest (D:4)
  An iguana (D:4)
  An orc wizard (D:4)
  2 hound skeletons (D:4)
  3 mummies
  Robin (D:4)
  A gnoll (D:1)
  4 adders
  2 adder skeletons (D:4)
  3 worms
  4 dart slugs
  5 orcs
  7 endoplasms
  3 giant cockroaches
  A gnoll zombie (Ossuary)
  11 goblins
  13 hobgoblins
  4 jackals (D:2)
  6 quokkas
  6 ball pythons
  5 bats
  4 frilled lizards
  3 goblin zombies (Ossuary)
  5 hobgoblin zombies (Ossuary)
  6 kobolds
  4 orc zombies
  3 rats
121 creatures vanquished.

Notes
Turn   | Place    | Note
-------+----------+-------------------------------------------
     0 | D:1      | worthlessgem the Formicid Earth Elementalist began the
                  | quest for the Orb.
     0 | D:1      | Reached XP level 1. HP: 13/13 MP: 3/3
     8 | D:1      | Noticed a black bear
     8 | D:1      | Noticed a lindwurm
     9 | D:1      | Noticed a water moccasin
     9 | D:1      | Noticed a hog
    37 | D:1      | Found Vuptafu's Magic Scroll Shoppe.
   414 | D:1      | You fall into a shaft and drop 1 floor!
   466 | D:1      | Reached skill level 4 in Earth Magic
   548 | D:1      | You fall into a shaft and drop 1 floor!
   551 | D:2      | Reached XP level 2. HP: 19/19 MP: 5/5
   558 | D:2      | Learned a level 2 spell: Passwall
   655 | D:4      | Found Lonaupten's Distillery.
   673 | D:4      | Noticed a kobold brigand
   673 | D:4      | Noticed an ogre
   673 | D:4      | Noticed an ogre
   889 | D:3      | Reached XP level 3. HP: 24/24 MP: 6/6
  1014 | D:3      | Learned a level 3 spell: Stone Arrow
  1603 | D:4      | Noticed Robin
  1673 | D:4      | Killed an ogre
  1674 | D:4      | Reached skill level 5 in Earth Magic
  1674 | D:4      | Reached XP level 4. HP: 30/30 MP: 0/7
  1674 | D:4      | Reached XP level 5. HP: 35/35 MP: 0/8
  1693 | D:4      | Noticed a bullfrog
  1698 | D:4      | Killed a bullfrog
  1699 | D:4      | Reached skill level 6 in Earth Magic
  1848 | D:4      | Killed Robin
  1849 | D:4      | Reached XP level 6. HP: 21/41 MP: 6/9
  2156 | D:4      | Bought a potion of degeneration for 11 gold pieces
  2492 | D:4      | Killed an ogre
  2526 | D:4      | Reached skill level 7 in Earth Magic
  2526 | D:4      | Reached XP level 7. HP: 6/46 MP: 1/10
  3138 | D:4      | Identified the +2 robe "Zoit" {rElec rN+ Int+4}
  3305 | D:4      | Reached skill level 1 in Fighting
  3734 | D:4      | Learned a level 4 spell: Petrify
  4253 | D:2      | Found a broken altar of Ashenzari.
  4268 | D:2      | Became a worshipper of Ashenzari the Shackled
  4756 | D:2      | Reached skill level 5 in Transmutations
  4756 | D:2      | Reached XP level 8. HP: 51/60 MP: 5/11
  5475 | D:1      | Found Taumpo Rae's Antique Weapon Shop.
  5606 | D:1      | Found Kuycseec's Jewellery Boutique.
  5946 | D:5      | Entered Level 5 of the Dungeon
  6130 | D:5      | Reached * piety under Ashenzari
  6306 | D:5      | Found a sand-covered staircase.
  6318 | Ossuary  | Entered an ossuary
  6569 | Ossuary  | Learned a level 3 spell: Inner Flame
  7088 | D:1      | Bought a dazzling rapier for 252 gold pieces
  7088 | D:1      | Identified the +3 rapier of Skirmishing {spect, Int+2} (You
                  | bought it in a shop on level 1 of the Dungeon)
  7330 | D:5      | HP: 3/61 [gnoll (19)]
  7330 | D:5      | Slain by a gnoll

Illustrated notes

Levels and vault maps discovered:
D:1:      onia_arrival_zoo_common, layout_rooms, serial_shops,
          nicolae_shop_window_shopping, nicolae_shop_stone, shop_fountains,
          grunt_decor_clamped, minmay_tetromino_l4
D:2:      layout_basic, basic_altar
D:3:      layout_basic
D:4:      layout_basic, serial_shops, shop, minmay_manual_mail, uniq_robin
D:5:      layout_gridville, nicolae_ossuary_entry_giza, hex_large,
          nicolae_shop_sticking_my_neck_out, uniq_eustachio

Skill      XL: |  1  2  3  4  5  6  7  8 |
---------------+-------------------------+-----
Earth Magic    | 4 5 6 7 |  7.1
Conjurations   | 2 |  2.3
Transmutations | 2 3 5 |  5.0
Fighting       | 3 4 |  4.7
Spellcasting   | 3 |  3.3
Dodging        | |  1.7
Stealth        | |  2.4
Hexes          | |  0.8

Action                   |  1- 3 |  4- 6 |  7- 9 || total
-------------------------+-------+-------+-------++-------
Melee: Short sword       |    26 |     2 |    62 ||    90
       Flail             |    38 |    10 |       ||    48
       Mace              |       |    24 |    63 ||    87
 Fire: Hunting sling     |       |    14 |    44 ||    58
Throw: Dart              |       |     2 |       ||     2
 Cast: Sandblast         |    14 |    12 |    11 ||    37
       Passwall          |     9 |     2 |     5 ||    16
       Stone Arrow       |     1 |     6 |    28 ||    35
       Inner Flame       |       |       |     3 ||     3
       Petrify           |       |       |     2 ||     2
Invok: Curse Item        |       |       |     2 ||     2
 Abil: Shaft Self        |     2 |       |       ||     2
       Dig               |     7 |     1 |    14 ||    22
 Stab: Sleeping          |     3 |       |     2 ||     5
       Petrified         |       |       |    12 ||    12
Armor: Robe              |    14 |     8 |    20 ||    42
Dodge: Dodged            |    51 |    30 |    98 ||   179
